 Dungeon Crawl Stone Soup version 0.26-a0-935-g3624241d3c (webtiles) character file.

Game seed: 14465538866952933574

6489 karrick the Cleaver (level 10, -20/77 HPs)
             Began as a Demonspawn Fighter on Nov 27, 2020.
             Was an Elder of Okawaru.
             Demolished by a two-headed ogre
             ... wielding a +0 giant club
              (22 damage)
             ... on level 9 of the Dungeon.
             The game lasted 00:17:41 (11806 turns).

karrick the Cleaver (Demonspawn Fighter)           Turns: 11806, Time: 00:17:41

Health: -20/77     AC: 13    Str: 16    XL:     10   Next: 68%
Magic:  0/24       EV: 21    Int: 11    God:    Okawaru [****..]
Gold:   419        SH: 12    Dex: 15    Spells: 9/9 levels left

rFire    . . .     SeeInvis .   C - +2 hand axe (vorpal)
rCold    . . .     Faith    .   c - +0 kite shield
rNeg     . . .     Spirit   +   E - +0 ring mail of Card Tricks {Rampage +Blink rPois rF-}
rPois    +         Reflect  .   j - +0 helmet
rElec    .         Harm     .   (no cloak)
rCorr    .         Rampage  +   l - +0 pair of gloves
MR       .....                  (no boots)
Stlth    +++.......             G - amulet of regeneration
HPRegen  0.62/turn              B - ring of protection from fire
MPRegen  0.38/turn              D - ring of magical power

@: agile, heroism
A: thin metallic scales 2, powered by pain 2, magic shield, magic regeneration
a: Heroism, Renounce Religion, Evoke Blink


You were on level 9 of the Dungeon.
You worshipped Okawaru.
Okawaru was greatly pleased with you.
You visited 2 branches of the dungeon, and saw 10 of its levels.
You also visited: Sewer and Ossuary.

You collected 581 gold pieces.
You spent 162 gold pieces at shops.

Inventory:

Hand Weapons
 a - a +0 war axe
 d - a +5 dagger
 v - a +2 dagger of venom
 A - the +8 long sword of the Endless March {freeze, rN+ MR+ Str-5 Dex+3}
   (You found it on level 5 of the Dungeon)

   It has been specially enchanted to freeze those struck by it, causing extra
   injury to most foes and up to half again as much damage against particularly
   susceptible opponents.
   It can also slow down cold-blooded creatures.
   It affects your strength (-5).
   It affects your dexterity (+3).
   It protects you from negative energy.
   It affects your resistance to hostile enchantments.
 C - a +2 vorpal hand axe (weapon)
 H - a +6 battleaxe
Armour
 b - a +0 scale mail
 c - a +0 kite shield (worn)
 j - a +0 helmet (worn)
 l - a +0 pair of gloves (worn)
 E - the +0 ring mail of Card Tricks (worn) {Rampage +Blink rPois rF-}
   (You found it on level 6 of the Dungeon)

   It makes you vulnerable to fire.
   It protects you from poison.
   It lets you blink.
   It bestows one free step when moving towards enemies.
Jewellery
 t - a +6 ring of intelligence {unknown}
 B - a ring of protection from fire (left hand)
 D - a ring of magical power (right hand)
 G - an amulet of regeneration (around neck)
Wands
 o - a wand of polymorph (9) (quivered)
 r - a wand of iceblast (9)
 J - a wand of acid (6)
 K - a wand of paralysis (7)
Scrolls
 h - 13 scrolls of identify
 k - 2 scrolls of random uselessness {unknown}
 n - 4 scrolls of blinking
 q - 2 scrolls of teleportation {unknown}
 u - 2 scrolls of enchant weapon {unknown}
 y - 2 scrolls of enchant armour {unknown}
 F - a scroll of fear {unknown}
 I - a scroll of amnesia {unknown}
 L - a scroll of fog {unknown}
Potions
 e - 2 potions of attraction {unknown}
 f - 2 potions of brilliance
 g - a potion of ambrosia {unknown}
 i - 2 potions of heal wounds {unknown}
 m - 4 potions of might
 p - 2 potions of curing {unknown}
 s - 2 potions of flight {unknown}
 w - a potion of berserk rage {unknown}
 x - a potion of resistance {unknown}
 z - 3 potions of lignification


   Skills:
 + Level 6.8(11.8) Fighting
 + Level 0.1(5.1) Long Blades
 + Level 9.2(14.2) Axes
 + Level 6.0(11.0) Armour
 + Level 4.4(9.4) Dodging
 + Level 1.5(6.5) Stealth
 + Level 6.0(11.0) Shields
 * Level 7.4 Invocations


You had 9 spell levels left.
You didn't know any spells.
Your spell library contained the following spells:

 Spells                   Type           Power        Failure   Level
 Animate Skeleton         Necr           #.....       67%         1
 Magic Dart               Conj           #...         67%         1
 Pain                     Necr           #...         67%         1
 Sting                    Tmut/Pois      #...         67%         1
 Blink                    Tloc           N/A          82%         2
 Call Imp                 Summ           #.......     82%         2
 Poisonous Vapours        Pois/Air       #.....       82%         2
 Slow                     Hex            #.......     82%         2
 Conjure Flame            Conj/Fire      #.......     96%         3
 Ignite Poison            Fire/Tmut/Pois #.......     96%         3
 Mephitic Cloud           Conj/Pois/Air  #.......     96%         3
 Vampiric Draining        Necr           #.........   96%         3
 Animate Dead             Necr           #.........   100%        4
 Olgreb's Toxic Radiance  Pois           #.......     100%        4
 Agony                    Necr           #.......     100%        5


Dungeon Overview and Level Annotations

Branches:
Dungeon (9/15)             Temple (1/1) D:4           Sewer (visited)
Ossuary (visited)
   Lair: D:8-11         Orc: D:9-12

Altars:
Ashenzari
Cheibriados
Dithmenos
Elyvilon
Fedhas
Gozag
Hepliaklqana
Kikubaaqudgha
Makhleb
Nemelex Xobeh
Okawaru
Qazlal
Ru
Sif Muna
Trog
Uskayaw
Vehumet
Wu Jian
Xom
Yredelemnul
Zin
The Shining One

Shops:
D:6 (


Innate Abilities, Weirdness & Mutations

You are mostly covered in thin metallic scales. (AC +3)
You sometimes gain power by taking damage.
When hurt, damage is shared between your health and your magic reserves.
You regenerate magic rapidly.


Message History

The two-headed ogre misses you.
You are too injured to fight recklessly!
You are too injured to fight recklessly!
You are too injured to fight recklessly!
You are too injured to fight recklessly!
A two-headed ogre is nearby!
You gain the combat prowess of a mighty hero.
The two-headed ogre hits you with a +0 giant club!
* * * LOW HITPOINT WARNING * * *
The two-headed ogre misses you.
You hit the two-headed ogre but do no damage.
The two-headed ogre is moderately wounded.
You hit the two-headed ogre but do no damage.
The two-headed ogre is moderately wounded.
You slash the two-headed ogre!
The two-headed ogre is heavily wounded.
The two-headed ogre hits you with a +0 giant club!!
* * * LOW HITPOINT WARNING * * *
The two-headed ogre hits you with a +0 giant spiked club!!
You die...

# #...... #
##......# #
##......# #
##......# #
##......# #
##......# #
##....O.# #
#.....@### #
#+#......###
########
###......###
..#.....
###......###.#.....
###......#'#.....
###......#.....
###..........
###..#))...
####.)...


You could see a two-headed ogre.

Vanquished Creatures
  2 two-headed ogres
  A hornet (D:9)
  A wraith (Ossuary)
  2 wyverns (D:8)
  Edmund (D:6)
  2 water moccasins
  An orc warrior (D:9)
  A black bear (D:4)
  2 sky beasts
  2 phantoms
  7 ogres
  A centaur (D:9)
  A big kobold (D:8)
  4 bullfrogs
  A gnoll sergeant (D:5)
  3 scorpions
  8 wights
  10 killer bees (D:7)
  4 howler monkeys
  3 jellies
  A centaur skeleton (D:5)
  10 hounds
  An orc priest (D:6)
  A gnoll shaman (Temple)
  8 orc wizards
  2 bullfrog skeletons (D:6)
  7 worker ants
  4 iguanas
  A mummy (Ossuary)
  9 gnolls
  16 adders
  A howler monkey skeleton (D:3)
  A shadow imp (D:8)
  3 white imps
  7 oozes
  An adder zombie (D:7)
  4 worms
  2 dart slugs
  14 leopard geckos
  40 orcs
  7 bats
  11 giant cockroaches
  11 goblins
  8 hobgoblins
  15 kobolds
  3 quokkas
  11 ball pythons
  17 frilled lizards
  4 gnoll skeletons (Ossuary)
  A jackal zombie (D:7)
  3 kobold skeletons (Ossuary)
  A leopard gecko skeleton (D:8)
  18 orc skeletons (Ossuary)
  A quokka zombie (D:4)
  14 rats
315 creatures vanquished.

Vanquished Creatures (others)
  A withered plant (D:9)
1 creature vanquished.

Grand Total: 316 creatures vanquished

Notes
Turn   | Place    | Note
-------+----------+-------------------------------------------
     0 | D:1      | karrick the Demonspawn Fighter began the quest for the Orb.
     0 | D:1      | Reached XP level 1. HP: 18/18 MP: 1/1
   104 | D:1      | Reached skill level 2 in Axes
   104 | D:1      | Gained mutation: You are partially covered in thin metallic
                  | scales. (AC +2) [demonic ancestry]
   104 | D:1      | Reached XP level 2. HP: 24/24 MP: 2/2
   237 | D:1      | Gained mutation: You sometimes gain a little power by
                  | taking damage. [demonic ancestry]
   237 | D:1      | Reached XP level 3. HP: 22/29 MP: 3/3
   732 | D:2      | Noticed a phantom
   753 | D:2      | Killed a phantom
   754 | D:2      | Reached skill level 3 in Axes
   754 | D:2      | Reached XP level 4. HP: 12/35 MP: 4/4
   754 | D:2      | Gained mutation: When hurt, damage is shared between your
                  | health and your magic reserves. [demonic ancestry]
   754 | D:2      | Reached XP level 5. HP: 14/41 MP: 5/5
   973 | D:2      | Found a stormy altar of Qazlal.
   974 | D:2      | Found a bloodstained altar of Trog.
  1099 | D:2      | Found a broken altar of Ashenzari.
  2101 | D:2      | Reached skill level 4 in Axes
  2101 | D:2      | Reached skill level 1 in Dodging
  2101 | D:2      | Gained mutation: You sometimes gain power by taking damage.
                  | [demonic ancestry]
  2101 | D:2      | Reached XP level 6. HP: 19/48 MP: 2/6
  2613 | D:3      | Found a faded altar of an unknown god.
  2839 | D:3      | Found a basalt altar of Yredelemnul.
  3270 | D:4      | Found a glowing drain.
  3279 | Sewer    | Entered a sewer
  3359 | Sewer    | Gained mutation: You are mostly covered in thin metallic
                  | scales. (AC +3) [demonic ancestry]
  3359 | Sewer    | Reached XP level 7. HP: 55/55 MP: 7/7
  3945 | Sewer    | Reached skill level 5 in Axes
  4581 | D:4      | Reached skill level 1 in Stealth
  4749 | D:4      | Found a staircase to the Ecumenical Temple.
  4831 | Temple   | Entered the Ecumenical Temple
  4903 | Temple   | Became a worshipper of Warmaster Okawaru
  5280 | D:4      | Reached XP level 8. HP: 55/61 MP: 8/8
  5350 | D:5      | Entered Level 5 of the Dungeon
  5477 | D:5      | Reached skill level 5 in Fighting
  5574 | D:5      | Found a bloodstained altar of Trog.
  5590 | D:5      | Found a sand-covered staircase.
  5598 | D:5      | Reached skill level 1 in Invocations
  5604 | Ossuary  | Entered an ossuary
  5792 | Ossuary  | Reached * piety under Okawaru
  5793 | Ossuary  | Reached skill level 6 in Axes
  6635 | D:5      | Got a crystal long sword
  6636 | D:5      | Identified the +8 long sword of the Endless March {freeze,
                  | rN+ MR+ Str-5 Dex+3} (You found it on level 5 of the
                  | Dungeon)
  6959 | D:6      | Reached skill level 5 in Armour
  7099 | D:6      | Found Nuibb's Antique Weapon Boutique.
  7228 | D:6      | Bought a runed hand axe for 162 gold pieces
  7292 | D:6      | Reached skill level 7 in Axes
  7292 | D:6      | Gained mutation: You regenerate magic rapidly. [demonic
                  | ancestry]
  7292 | D:6      | Reached XP level 9. HP: 40/69 MP: 8/11
  7485 | D:6      | Noticed Edmund
  7531 | D:6      | Killed Edmund
  7561 | D:6      | Got an ichor-stained ring mail
  7572 | D:6      | Identified the +0 ring mail of Card Tricks {Rampage +Blink
                  | rPois rF-} (You found it on level 6 of the Dungeon)
  8187 | D:7      | Reached ** piety under Okawaru
  8490 | D:7      | Reached skill level 5 in Invocations
  8499 | D:7      | Reached skill level 5 in Shields
  9079 | D:7      | Reached *** piety under Okawaru
  9492 | D:8      | Reached skill level 8 in Axes
  9776 | D:8      | Noticed a two-headed ogre
 10155 | D:8      | Got an amethyst-studded chain mail
 10166 | D:8      | Identified the cursed +1 chain mail of Ydghauxt {*Corrode
                  | rC+ MR+} (You found it on level 8 of the Dungeon)
 10264 | D:8      | Reached XP level 10. HP: 77/77 MP: 14/14
 10376 | D:8      | You fall into a shaft and drop 1 floor!
 10376 | D:9      | Noticed a two-headed ogre
 10390 | D:9      | Killed a two-headed ogre
 10696 | D:8      | Killed a two-headed ogre
 10696 | D:8      | Reached **** piety under Okawaru
 11441 | D:9      | Found a snail-covered altar of Cheibriados.
 11469 | D:9      | Found a blossoming altar of Fedhas.
 11471 | D:9      | Found an ancient bone altar of Kikubaaqudgha.
 11498 | D:9      | Reached skill level 9 in Axes
 11728 | D:9      | Paralysed by an orc warrior for 2 turns
 11792 | D:9      | Noticed a two-headed ogre
 11806 | D:9      | HP: 2/77 [two-headed ogre/+0 giant club (17)]
 11806 | D:9      | Demolished by a two-headed ogre

Illustrated notes

Levels and vault maps discovered:
D:1:      dpeg_arrival_shelter, layout_rooms
D:2:      layout_loops_ring, gammafunk_temple_overflow_pools,
          evilmike_ruin_ashenzari
D:3:      layout_loops_corners, yredelemnul_altar_generic,
          chequers_ecumenical_altar_simple
D:4:      layout_basic, temple_fountains, portal_sewer_entry_d
D:5:      layout_layer_cave, basic_altar, enter_ossuary_5
D:6:      layout_loops_ring, serial_shops, shop, uniq_edmund
D:7:      layout_basic
D:8:      layout_gridville
D:9:      minmay_razor_zed, layout_gridville,
          grunt_temple_overflow_growth_and_decay, kennysheep_mini_moat,
          small_statue_intersection
Temple:   nicolae_temple_x_marks_the_god

Skill      XL: |  1  2  3  4  5  6  7  8  9 10 |
---------------+-------------------------------+-----
Axes           | 2 3 4 5 7 8 9 |  9.2
Shields        | 3 4 5 6 |  6.0
Armour         | 3 4 5 6 |  6.0
Dodging        | 1 2 3 4 |  4.4
Fighting       | 4 5 6 |  6.8
Stealth        | 1 |  1.5
Invocations    | 3 6 7 |  7.4
Long Blades    | |  0.1

Action                   |  1- 3 |  4- 6 |  7- 9 | 10-12 || total
-------------------------+-------+-------+-------+-------++-------
Melee: War axe           |    81 |   230 |   408 |       ||   719
       Hand axe          |       |       |   349 |   256 ||   605
       Long sword        |       |       |     4 |       ||     4
Invok: Heroism           |       |       |     2 |     3 ||     5
  Use: Scroll            |     2 |     2 |     5 |     1 ||    10
       Potion            |       |     5 |       |       ||     5
 Stab: Sleeping          |       |       |     1 |       ||     1
Armor: Scale mail        |    49 |    93 |   243 |       ||   385
       Skin              |       |    20 |       |       ||    20
       Ring mail         |       |       |    84 |    61 ||   145
Dodge: Dodged            |    23 |    60 |   293 |    86 ||   462
Block: Kite shield       |    37 |   102 |   388 |    95 ||   622

Table legend: (Time is in decaauts)
 A = Elapsed time spent in this place.
 B = Non-inter-level travel time spent in this place.
 C = Inter-level travel time spent in this place.
 D = Time resting spent in this place.
 E = Time spent auto-exploring this place.
 F = Levels seen in this place.
 G = Mean time per level.
                   A        B        C        D        E       F      G
               +--------+--------+--------+--------+--------+-----+--------+
         Total |  12108 |  11900 |    208 |   1002 |   7978 |  12 | 1009.0 |
       Dungeon |  10583 |  10375 |    208 |    743 |   7238 |   9 | 1175.9 |
        Temple |    212 |    212 |      0 |     79 |     49 |   1 |  212.0 |
         Sewer |    921 |    921 |      0 |    103 |    508 |   1 |  921.0 |
       Ossuary |    391 |    391 |      0 |     77 |    182 |   1 |  391.0 |
               +--------+--------+--------+--------+--------+-----+--------+

Top non-repeatable levels by time:
     D:7: 1654 daAuts
     D:8: 1335 daAuts
     D:2: 1254 daAuts
     D:5: 1233 daAuts
     D:6: 1185 daAuts
     D:4: 1147 daAuts
     D:3: 1089 daAuts
     D:1: 989 daAuts
   Sewer: 921 daAuts
     D:9: 694 daAuts
 Ossuary: 391 daAuts
  Temple: 212 daAuts
